 Dungeon Crawl Stone Soup version 0.29-a0-557-g43b9904bd1 (webtiles) character file.

Game seed: 16764645567656068219

534 valliere the Ruffian (level 7, -1/66 HPs)
             Began as a Troll Berserker on June 8, 2022.
             Was an Elder of Trog.
             Slain by Edmund
             ... wielding a +2 vorpal flail
              (8 damage)
             ... on level 5 of the Dungeon.
             The game lasted 00:13:40 (3392 turns).

valliere the Ruffian (Troll Berserker)              Turns: 3392, Time: 00:13:41

Health: -1/66      AC:  4    Str: 28    XL:     7   Next: 4%
Magic:  6/6        EV: 14    Int:  3    God:    Trog [****..]
Gold:   382        SH:  0    Dex:  9    Spells: 6/6 levels left

rFire   . . .      SeeInvis .     - Unarmed
rCold   . . .      Faith    .   (no shield)
rNeg    . . .      Spirit   .   a - +0 animal skin
rPois   .          Reflect  .   (helmet restricted)
rElec   .          Harm     .   (no cloak)
rCorr   +          Rampage  .   (gloves unavailable)
Will    .....                   (boots unavailable)
Stlth   +.........              (no amulet)
HPRegen 1.01/turn               i - +4 ring of evasion
MPRegen 0.10/turn               w - ring of resist corrosion

@: no status effects
A: large, unfitting armour, claws 3, regeneration 1, shaggy fur 1, tough skin 1
a: Renounce Religion, Berserk, Trog's Hand, Brothers in Arms


You were on level 5 of the Dungeon.
You worshipped Trog.
Trog was greatly pleased with you.
You visited 1 branch of the dungeon, and saw 5 of its levels.

You collected 382 gold pieces.

Inventory:

Missiles
 e - an atropa-tipped dart
 n - 6 boomerangs of dispersal (quivered)
 u - a throwing net
Armour
 a - a +0 animal skin (worn)
Jewellery
 i - a +4 ring of evasion (left claw)
 o - a ring of fire
 w - a ring of resist corrosion (right claw)
Wands
 p - a wand of paralysis (5)
 v - a wand of digging (2)
Scrolls
 c - 3 scrolls of blinking {unknown}
 f - a scroll of immolation {unknown}
 h - 8 scrolls of identify {unknown}
 j - 6 scrolls of teleportation {unknown}
 k - a scroll of poison {unknown}
 r - a scroll of fog {unknown}
 t - a scroll of magic mapping {unknown}
Potions
 b - 3 potions of attraction {unknown}
 d - 2 potions of berserk rage {unknown}
 g - a potion of ambrosia {unknown}
 l - a potion of magic {unknown}
 m - a potion of resistance {unknown}
 q - a potion of might {unknown}
 s - a potion of mutation {unknown}
 x - a potion of heal wounds {unknown}


   Skills:
 - Level 2.4 Fighting
 + Level 3.1 Throwing
 - Level 2.4 Dodging
 + Level 7.1 Unarmed Combat


You had 6 spell levels left.
You didn't know any spells.
Your spell library was empty.

Dungeon Overview and Level Annotations

Branches:
Dungeon (5/15)
 Temple: D:4-7

Altars:
Fedhas
Ru

Shops:
D:2 =

Annotations:
D:5 Edmund


Innate Abilities, Weirdness & Mutations

You are too large for most types of armour.
You have claws for hands.
Your natural rate of healing is unusually fast.
You are covered in fur. (AC +1)
You have tough skin. (AC +1)


Message History

You kill the iguana!
Trog accepts your kill.
Your Throwing skill increases to level 3!
Found a rapier.
Found a stone staircase leading down.
Found a whip.
A hound comes into view.
The hound barks!
The hound misses you.
You mangle the hound!!
You kill the hound!
Trog accepts your kill.
You have reached level 7!
Found a spear.
h - 8 scrolls labelled GEAC BIGHEANK (gained 1) Edmund the Younger comes into view.
He is wielding a +2 vorpal flail and carrying a wand of flame (17).
Found a scroll labelled INEUZEC YBBUCS.
Edmund shouts!
Edmund zaps a wand.
The puff of flame hits you!
Char dumped successfully.
Your movement speed is average.
Your attack delay is about 0.8.
Annotate which branch? (. - D:5, ? - help, ! - show branch list)
Okay, then.
Unknown command.
Edmund zaps a wand.
The puff of flame hits you!
Edmund zaps a wand.
The puff of flame hits you!
You barely miss Edmund. Edmund hits you with a +2 vorpal flail!
You are too injured to fight recklessly!
You claw Edmund!
Edmund is moderately wounded.
Edmund hits you with a +2 vorpal flail!
* * * LOW HITPOINT WARNING * * *
You claw Edmund!
Edmund is moderately wounded.
Edmund zaps a wand.
The puff of flame hits you!
* * * LOW HITPOINT WARNING * * *
You barely miss Edmund.
Edmund is moderately wounded.
Edmund hits you with a +2 vorpal flail!
You die...

## .# .# .# ##. .#
##.)## ##. #. ##. #.##
#.# ##.. ##..##..###†#
#...
##...#....#..##..#..##
#?...........#..# .>.#
#...@@..........# ...#
#...###........## ...#
##. .......#...## ....
# .............##....
...................
..........####....#
)........####......
....##..###.....#. .#
#...##.....#


You could see Edmund.

Vanquished Creatures
  2 scorpions (D:4)
  5 hounds
  2 iguanas (D:5)
  Robin (D:4)
  2 adders
  8 gnolls
  2 worms
  A dart slug (D:3)
  11 orcs
  8 ball pythons
  11 bats
  5 endoplasms
  A giant cockroach (D:2)
  13 goblins
  8 hobgoblins
  5 quokkas
  4 frilled lizards
  9 kobolds
  6 rats
104 creatures vanquished.

Notes
Turn   | Place    | Note
-------+----------+-------------------------------------------
     0 | D:1      | valliere the Troll Berserker began the quest for the Orb.
     0 | D:1      | Reached XP level 1. HP: 22/22 MP: 0/0
    12 | D:1      | Reached XP level 2. HP: 23/29 MP: 1/1
   274 | D:1      | Reached skill level 4 in Unarmed Combat
   532 | D:1      | Reached XP level 3. HP: 36/36 MP: 2/2
   619 | D:1      | Reached ** piety under Trog
  1275 | D:2      | Found Woufrived's Jewellery Emporium.
  1845 | D:3      | Found a sacrificial altar of Ru.
  1853 | D:3      | Reached skill level 5 in Unarmed Combat
  1853 | D:3      | Reached XP level 4. HP: 44/44 MP: 3/3
  1859 | D:3      | Found a blossoming altar of Fedhas.
  1861 | D:3      | Found a faded altar of an unknown god.
  2038 | D:3      | Reached *** piety under Trog
  2124 | D:3      | Reached XP level 5. HP: 50/50 MP: 4/4
  2226 | D:3      | Reached skill level 6 in Unarmed Combat
  2556 | D:4      | Noticed Robin
  2557 | D:4      | Killed Robin
  2558 | D:4      | Reached skill level 1 in Throwing
  2752 | D:4      | Reached XP level 6. HP: 59/59 MP: 5/5
  2948 | D:4      | Reached **** piety under Trog
  3219 | D:5      | Entered Level 5 of the Dungeon
  3256 | D:5      | Reached skill level 7 in Unarmed Combat
  3379 | D:5      | Reached XP level 7. HP: 66/66 MP: 6/6
  3383 | D:5      | Noticed Edmund
  3392 | D:5      | Slain by Edmund

Illustrated notes

Levels and vault maps discovered:
D:1:      dreamdust_arrival_beginning_and_end, layout_loops_corners,
          minmay_crystal_water, minmay_split_cup_small
D:2:      layout_basic, serial_shops, shop_coins
D:3:      layout_loops_ring, mainiacjoe_overflow_big_doors,
          hellmonk_ecumenical_altar_run_dry, minivault_23, wad_orctagon
D:4:      layout_loops_cross, uniq_robin
D:5:      layout_layer_cave, minmay_temple_entry_stoned_glass, uniq_edmund

Skill      XL: |  1  2  3  4  5  6 |
---------------+-------------------+-----
Unarmed Combat | 4 5 6 7 |  7.1
Throwing       | 1 3 |  3.1
Fighting       | |  2.4
Dodging        | |  2.4

Action                   |  1- 3 |  4- 6 |  7- 9 || total
-------------------------+-------+-------+-------++-------
Melee: Unarmed           |   123 |   137 |     4 ||   264
       Punch             |     5 |     2 |       ||     7
Throw: Dart              |     2 |       |       ||     2
 Stab: Sleeping          |     1 |       |       ||     1
Armor: Animal skin       |    32 |    16 |       ||    48
Dodge: Dodged            |    54 |    76 |       ||   130

Table legend: (Time is in decaauts)
 A = Elapsed time spent in this place.
 B = Non-inter-level travel time spent in this place.
 C = Inter-level travel time spent in this place.
 D = Time resting spent in this place.
 E = Time spent auto-exploring this place.
 F = Levels seen in this place.
 G = Mean time per level.
                   A        B        C        D        E       F      G
               +--------+--------+--------+--------+--------+-----+--------+
         Total |   3365 |   3271 |     94 |      0 |   2642 |   5 |  673.0 |
       Dungeon |   3365 |   3271 |     94 |      0 |   2642 |   5 |  673.0 |
               +--------+--------+--------+--------+--------+-----+--------+

Top non-repeatable levels by time:
     D:1: 906 daAuts
     D:2: 822 daAuts
     D:3: 785 daAuts
     D:4: 681 daAuts
     D:5: 170 daAuts
